 Dungeon Crawl Stone Soup version 0.17.0-56-gd8de76c (console) character file.

80 Kloppie the Conjurer (level 4, -3/33 HPs)
             Began as a Draconian Conjurer on Dec 6, 2015.
             Killed by nerve-wracking pain
             ... invoked by an orc priest
              (5 damage)
             ... on level 3 of the Dungeon.
             The game lasted 00:07:17 (2746 turns).

Kloppie the Conjurer (Draconian Conjurer)           Turns: 2746, Time: 00:07:17

Health: -3/33      AC:  8    Str: 10    XL:     4   Next: 18%
Magic:  1/8        EV: 12    Int: 17    God:
Gold:   64         SH:  0    Dex: 11    Spells: 3 memorised, 3 levels left

rFire  . . .     SeeInvis .     f - +0 mace
rCold  . . .     Clarity  .     (armour unavailable)
rNeg   . . .     SustAt   .     (no shield)
rPois  .         Gourm    .     (helmet restricted)
rElec  .         Spirit   .     h - +0 cloak
rCorr  .         Warding  .     g - +0 pair of gloves
rMut   .         Stasis   .     m - +0 pair of boots
MR     .....                    (no amulet)
Stlth  ++........               (no ring)
                                (no ring)

@: not resistant to hostile enchantments, unstealthy
A: unfitting armour, cold-blooded, AC +5
a: no special abilities


You were on level 3 of the Dungeon.
You were not hungry.

You visited 1 branch of the dungeon, and saw 3 of its levels.

You collected 64 gold pieces.

Inventory:

Hand Weapons
 f - a +0 mace (weapon)
Armour
 g - a +0 pair of gloves (worn)
 h - a +0 cloak (worn)
 m - a +0 pair of boots (worn)
Jewellery
 o - an uncursed ring of ice {unknown}
 r - an uncursed amulet of clarity {unknown}
Scrolls
 d - 3 scrolls of remove curse
 e - a scroll of teleportation {unknown}
 j - a scroll of enchant weapon
 k - 2 scrolls of immolation {unknown}
Potions
 c - a potion of lignification {unknown}
 i - a potion of degeneration {unknown}
 l - a potion of magic {unknown}
 q - a potion of haste {unknown}
 s - a potion of curing {unknown}
Books
 a - a book of Conjurations

   Spells                             Type                      Level
   a - Magic Dart                     Conjuration                  1
   b - Searing Ray                    Conjuration                  2
   c - Dazzling Spray                 Conjuration/Hexes            3
   d - Fulminant Prism                Conjuration/Hexes            4
   e - Iskenderun's Mystic Blast      Conjuration                  4
   f - Iskenderun's Battlesphere      Conjuration/Charms           5
 p - a book of Unlife

   Spells                             Type                      Level
   a - Recall                         Summoning/Translocation      3
   b - Animate Dead                   Necromancy                   4
   c - Control Undead                 Necromancy                   4
   d - Cigotuvi's Embrace             Necromancy                   5
   e - Death Channel                  Necromancy                   6
   f - Simulacrum                     Ice/Necromancy               6
Comestibles
 b - 4 bread rations
 n - 3 fruits


   Skills:
 - Level 1.7 Dodging
 - Level 1.7 Stealth
 + Level 3.3 Spellcasting
 + Level 4.9 Conjurations


You had 3 spell levels left.
You knew the following spells:

 Your Spells              Type           Power        Failure   Level  Hunger
a - Magic Dart            Conj           ###.         2%          1    None
b - Searing Ray           Conj           ###...       3%          2    ##.....
c - Dazzling Spray        Conj/Hex       ##......     21%         3    ###....


Dungeon Overview and Level Annotations

Branches:
Dungeon (3/15)

Altars:
The Shining One


Innate Abilities, Weirdness & Mutations

Your plain brown scales are hard (AC +5).
Your body does not fit into most forms of armour.
You are cold-blooded and may be slowed by cold attacks.


Message History

The orc priest is severely wounded.
The orc priest misses you.
You barely miss the orc priest.
The orc priest is severely wounded.
The orc priest hits you but does no damage.
Casting: Searing Ray
Confirm with . or Enter, or press ? or * to list all spells.
Aiming: Searing Ray
Press: ? - help, Shift-Dir - straight line, f/p - orc priest
Aim: an orc priest, wielding a dagger and wearing a chain mail (severely wounded)
The searing ray hits the orc priest.
The orc priest is almost dead.
The orc priest mumbles some strange prayers to Beogh against you.
Pain shoots through your body!
* * * LOW HITPOINT WARNING * * *
The searing ray hits the orc priest.
The orc priest is almost dead.
The orc priest invokes the aid of Beogh against you.
Pain shoots through your body!
You die...

#### ##..## # ##....# ### #####
#......
..##############...########......
.................................
#############........######......
# ####@..###...........
###o####.#####....# ##.)......#
##..## ###...####### ####
##...### ###.)#.# ####......###
############
#......o....###..........#
#........>....##..........#


You could see an orc priest.

Vanquished Creatures
  An adder (D:3)
  2 oozes
  2 worms (D:2)
  3 orcs (D:3)
  6 bats
  3 giant cockroaches
  5 goblins
  5 hobgoblins
  8 jackals
  3 ball pythons
  2 giant newts
  5 kobolds
  8 rats
53 creatures vanquished.

Notes
Turn   | Place    | Note
--------------------------------------------------------------
     0 | D:1      | Kloppie the Draconian Conjurer began the quest for the Orb.
     0 | D:1      | Reached XP level 1. HP: 14/14 MP: 3/3
   370 | D:1      | Reached XP level 2. HP: 17/20 MP: 1/5
   805 | D:2      | Found a glowing golden altar of the Shining One.
   957 | D:2      | Learned a level 2 spell: Searing Ray
  1330 | D:2      | Reached XP level 3. HP: 16/26 MP: 4/7
  1741 | D:2      | Learned a level 3 spell: Dazzling Spray
  2364 | D:3      | Reached XP level 4. HP: 26/33 MP: 5/8
  2746 | D:3      | Killed from afar by an orc priest

Action                   |  1- 3 |  4- 6 || total
-------------------------+-------+-------++-------
Melee: Unarmed           |    13 |       ||    13
       Club              |    37 |       ||    37
       Mace              |   106 |    26 ||   132
 Cast: Magic Dart        |    43 |     6 ||    49
       Searing Ray       |     2 |     3 ||     5
       Dazzling Spray    |     1 |     1 ||     2
  Use: Scroll            |     2 |       ||     2
 Stab: Sleeping          |     2 |     1 ||     3
  Eat: Chunk             |     5 |     1 ||     6
       Fruit             |     1 |       ||     1
